 Dungeon Crawl Stone Soup version 0.22-a0-307-g2b15929 (webtiles) character file.

66 grizmgrazm2 the Grave Robber (level 3, -4/24 HPs)
             Began as a Mummy Necromancer on Apr 1, 2018.
             Slain by an orc
             ... wielding a +0 hand axe
              (5 damage)
             ... on level 2 of the Dungeon.
             The game lasted 00:04:21 (1313 turns).

grizmgrazm2 the Grave Robber (Mummy Necromancer)    Turns: 1313, Time: 00:04:22

Health: -4/24      AC:  2    Str: 11    XL:     3   Next: 96%
Magic:  0/8        EV: 12    Int: 17    God:
Gold:   57         SH:  0    Dex: 12    Spells: 6/10 levels left

rFire    x . .     SeeInvis .   d - +0 spear
rCold    + . .     Gourm    .   (no shield)
rNeg     + + +     Faith    .   a - +0 robe
rPois    ∞         Spirit   .   (no helmet)
rElec    .         Reflect  .   (no cloak)
rCorr    .         Harm     .   (no gloves)
MR       .....                  (no boots)
Stlth    ++........             (no amulet)
HPRegen  0.08/turn              b - +2 ring of intelligence
MPRegen  0.11/turn              c - +1 ring of slaying

@: very slightly contaminated
A: no food or potions, fire vulnerability, cold resistance 1, negative energy
resistance 3, torment resistance, unbreathing
a: no special abilities


You were on level 2 of the Dungeon.
You were not hungry.

You visited 1 branch of the dungeon, and saw 3 of its levels.

You collected 57 gold pieces.

Inventory:

Hand Weapons
 d - a +0 spear (weapon)
Armour
 a - a +0 robe (worn)
Jewellery
 b - a +2 ring of intelligence (left hand)
 c - a +1 ring of slaying (right hand)
Scrolls
 e - a scroll of identify {unknown}


   Skills:
 - Level 1.5 Dodging
 - Level 1.5 Stealth
 + Level 4.2 Spellcasting
 + Level 4.8 Necromancy


You had 6 spell levels left.
You knew the following spells:

 Your Spells              Type           Power        Failure   Level  Hunger
a - Pain                  Necr           ###.         1%          1    N/A
b - Vampiric Draining     Necr           ###.......   6%          3    N/A

Dungeon Overview and Level Annotations

Branches:
Dungeon (3/15)

Altars:

Annotations:
D:2 Sigmund


Innate Abilities, Weirdness & Mutations

You do not eat or drink.
Your flesh is vulnerable to fire.
You are immune to poison.
Your flesh is cold resistant. (rC+)
You are immune to negative energy. (rN+++)
You are immune to unholy pain and torment.
You can survive without breathing.


Message History

Press: ? - help, Shift-Dir - straight line, f/p - orc
Aim: an orc, wielding a hand axe and wearing a leather armour (moderately wounded, chance to defeat MR: 90%)
You miscast Pain.
You are very lightly contaminated with residual magic.
You sense a malignant aura.
The orc hits you with a hand axe.
* * * LOW HITPOINT WARNING * * *
You hit the orc.
The orc is heavily wounded.
The orc closely misses you.
You hit the orc.
The orc is severely wounded.
The orc hits you but does no damage.
You barely miss the orc.
The orc is severely wounded.
The orc hits you with a hand axe.
* * * LOW HITPOINT WARNING * * *
You closely miss the orc.
The orc is severely wounded.
The orc hits you with a hand axe.
You die...

... #...#.....
....#...#....
....#...#...
.........#
#...#..#
###...#..########
#.........>.....#
#........)o.....#
#.......)@......#
#........)).....#
#...............#
#...............#
###...###########
#...# #####


You could see an orc.

Vanquished Creatures
  An orc priest (D:2)
  An adder (D:2)
  5 orcs
  A ball python (D:1)
  4 bats
  A giant cockroach (D:1)
  2 goblins
  A hobgoblin (D:1)
  2 jackals (D:3)
  A frilled lizard (D:1)
  A kobold (D:1)
  5 rats
25 creatures vanquished.

Notes
Turn   | Place    | Note
-------+----------+-------------------------------------------
     0 | D:1      | grizmgrazm2 the Mummy Necromancer began the quest for the Orb.
     0 | D:1      | Reached XP level 1. HP: 13/13 MP: 4/4
   240 | D:1      | Reached XP level 2. HP: 19/19 MP: 3/6
   501 | D:2      | Noticed Sigmund
   979 | D:2      | Reached XP level 3. HP: 9/24 MP: 0/8
  1176 | D:2      | Learned a level 3 spell: Vampiric Draining
  1312 | D:2      | HP: 1/24 [orc/hand axe (1)]
  1313 | D:2      | Slain by an orc

Vault maps used:
D:1:      mrwooster_arrival_statue_2, kennysheep_pointless_box
D:2:      trog_book, uniq_sigmund
D:3:      kennysheep_goblin_castle, first_ration, minmay_misc_feat_iff

Skill      XL: |  1  2 |
---------------+-------+-----
Spellcasting   | 3 4 |  4.2
Dodging        | |  1.5
Stealth        | |  1.5
Necromancy     | |  4.8

Action                   || total
-------------------------++-------
Melee: Spear             ||    24
 Cast: Pain              ||    47
       Vampiric Draining ||     3
Armor: Robe              ||    15
Dodge: Dodged            ||    51

Table legend:
 A = Spawn XP
 B = Non-spawn XP
 C = Spawn XP percentage of total XP
 D = Spawn monster count
 E = Non-spawn monster count
 F = Spawn count percentage of total count
 G = Total turns spent on level
                    A         B        C        D         E        F      G
               +---------+---------+-------+---------+---------+-------+---------
         Total |       0 |      95 |   0.0 |       0 |      25 |   0.0 |  1313
               +---------+---------+-------+---------+---------+-------+---------
           D:1 |       0 |      16 |   0.0 |       0 |      11 |   0.0 |   537
           D:2 |       0 |      68 |   0.0 |       0 |       8 |   0.0 |   391
           D:3 |       0 |      11 |   0.0 |       0 |       6 |   0.0 |   385
               +---------+---------+-------+---------+---------+-------+---------
